 Dungeon Crawl Stone Soup version 0.29.1-1-gd02db6906a (webtiles) character file.

Game seed: 14670931801377005905

145 experimilk the Cudgeller (level 5, -8/43 HPs)
             Began as a Palentonga Fighter on Sept 22, 2022.
             Mangled by an ogre
             ... wielding a +0 giant club
              (20 damage)
             ... on level 6 of the Dungeon.
             The game lasted 00:06:54 (3182 turns).

experimilk the Cudgeller (Palentonga Fighter)       Turns: 3182, Time: 00:06:55

Health: -8/43      AC:  7    Str: 24    XL:     5   Next: 6%
Magic:  5/5        EV:  7    Int: 14    God:
Gold:   213        SH:  4    Dex:  9    Spells: 4/4 levels left

rFire   + . .      SeeInvis +   a - +0 flail
rCold   + + .      Faith    .   c - +0 buckler
rNeg    . . .      Spirit   .   b - +0 scale mail
rPois   +          Reflect  .   s - +0 helmet
rElec   +          Harm     .   (no cloak)
rCorr   +          Rampage  .   (no gloves)
Will    .....                   (no barding)
Stlth   ..........              x - amulet of magic regeneration
HPRegen 0.14/turn               l - +6 ring of intelligence
MPRegen 0.49/turn               v - ring of protection from cold

@: mighty, resistant
A: large, rugged brown scales 3, see invisible, deformed body, roll 1, armoured
tail
a: Rolling Charge


You were on level 6 of the Dungeon.
You visited 1 branch of the dungeon, and saw 6 of its levels.

You collected 213 gold pieces.

Inventory:

Hand Weapons
 a - a +0 flail (weapon)
 m - the +2 dagger of Deflation {flame, rElec rPois rF+ rC+}
   (You found it on level 2 of the Dungeon)

   It burns those it strikes, dealing additional fire damage.
   rF:        It protects you from fire.
   rC:        It protects you from cold.
   rElec:     It insulates you from electricity.
   rPois:     It protects you from poison.
Missiles
 k - a throwing net
Armour
 b - a +0 scale mail (worn)
 c - a +0 buckler (worn)
 s - a +0 helmet (worn)
Jewellery
 l - a +6 ring of intelligence (left hand)
 v - a ring of protection from cold (right hand)
 x - an amulet of magic regeneration (around neck)
Wands
 q - a wand of paralysis (4)
 t - a wand of polymorph (4)
Scrolls
 e - 4 scrolls of amnesia
 f - a scroll of enchant weapon
 g - a scroll of teleportation {unknown}
 j - 3 scrolls of magic mapping {unknown}
 n - 3 scrolls of vulnerability {unknown}
 p - a scroll of torment {unknown}
 u - 2 scrolls of identify
 w - a scroll of poison {unknown}
Potions
 h - a potion of magic
 o - 2 potions of experience {unknown}
 r - 2 potions of curing {unknown}


   Skills:
 - Level 3.0 Fighting
 + Level 5.3 Maces & Flails
 - Level 2.4 Armour
 - Level 2.6 Shields


You had 4 spell levels left.
You didn't know any spells.
Your spell library contained the following spells:

 Spells                   Type           Power      Damage    Failure   Level
 Apportation              Tloc           0%         N/A       65%         1
 Blink                    Tloc           0%         N/A       80%         2
 Inner Flame              Hex/Fire       0%         N/A       95%         3
 Lesser Beckoning         Tloc           0%         N/A       95%         3
 Cause Fear               Hex            0%         N/A       100%        4
 Alistair's Intoxication  Tmut/Pois      0%         N/A       100%        5
 Manifold Assault         Tloc           0%         N/A       100%        5
 Discord                  Hex            0%         N/A       100%        8


Dungeon Overview and Level Annotations

Branches:
Dungeon (7/15)
 Temple: D:4-7

Altars:

Shops:
D:2 [

Annotations:
D:3 3 runed translucent doors, Iamsock's ghost, amateur GnWn


Innate Abilities, Weirdness & Mutations

You are completely covered in rugged brown scales. (AC +3, +7% HP)
You have supernaturally acute eyesight. (SInv)
Armour fits poorly on your strangely shaped body.
You can roll at nearby foes to attack.
You have a long armoured tail.


Message History

You see here a scroll labelled ECEUQE ENEEWN.
Found 5 stones.
An orc wizard comes into view. It is wielding a +0 dagger.
The orc wizard shouts!
A bullfrog comes into view.
The orc wizard moves out of view.
Roll where?
Press: ? - help, Dir - move target, f - orc
Aim: an orc, wielding a +0 flail and wearing a +0 leather armour You roll forward with a clatter of scales!
You closely miss the orc.
Your tail-slap misses the orc.
The orc hits you but does no damage. The orc barely misses you.
Unknown command.
Unknown command.
You feel very mighty all of a sudden. The orc hits you but does no damage.
The orc hits you with a +0 flail.
You feel protected.
The orc wizard mumbles some strange words.
The orc wizard flickers and vanishes for a moment.
The orc hits you with a +0 flail. The orc hits you but does no damage.
You barely miss the orc. The orc hits you with a +0 flail.
You block the orc's attack.
You barely miss the orc. You closely miss the orc.
Your tail-slap misses the orc.
The ogre hits you with a +0 giant club! The orc barely misses you.
The orc closely misses you.
You barely miss the orc. The orc hits you with a +0 flail.
The orc hits you with a +0 flail!
* * * LOW HITPOINT WARNING * * *
The ogre hits you but does no damage.
You completely miss the ogre. You block the orc's attack.
The ogre barely misses you.
You sock the ogre!
The ogre is heavily wounded.
The orc closely misses you.
The orc wizard hits you but does no damage.
You thump the ogre!
The ogre is almost dead.
The ogre hits you with a +0 giant club!!
You die...

#.# .#. #+#.# ...
...##.# .....# .. #..F#
.. #.# .### . #.## .....
....##oo###......###
.......@oo..........
.....###Oo#.......#.####
.#.#. #o.#.............
#..#.###..#.............
.......#..#.............
..#......#......>......
#........#.............
#.#......#.............
#......#.............


You could see an ogre, 2 orc wizards and 4 orcs.

Vanquished Creatures
  Jessica (D:3)
  4 adders
  3 gnolls (D:3)
  A worm (D:2)
  An orc (D:3)
  3 endoplasms
  8 giant cockroaches
  6 goblins
  A hobgoblin (D:3)
  4 jackals (D:3)
  2 quokkas
  2 ball pythons
  2 bats (D:1)
  3 frilled lizards
  5 kobolds
  5 rats
51 creatures vanquished.

Notes
Turn   | Place    | Note
-------+----------+-------------------------------------------
     0 | D:1      | experimilk the Palentonga Fighter began the quest for the
                  | Orb.
     0 | D:1      | Reached XP level 1. HP: 19/19 MP: 1/1
     3 | D:1      | Noticed an electric eel
     4 | D:1      | Noticed an electric eel
   348 | D:1      | Reached XP level 2. HP: 25/25 MP: 2/2
   731 | D:1      | Reached skill level 3 in Maces & Flails
  1513 | D:2      | Reached XP level 3. HP: 31/31 MP: 3/3
  1655 | D:2      | Identified the +2 dagger of Deflation {flame, rElec rPois
                  | rF+ rC+}
  1726 | D:2      | Found Sorer's Armour Boutique.
  1951 | D:3      | Found a runed translucent gate.
  1953 | D:3      | Found a runed translucent gate.
  1983 | D:3      | Reached skill level 4 in Maces & Flails
  2089 | D:3      | Reached XP level 4. HP: 37/37 MP: 4/4
  2103 | D:3      | Found a faded altar of an unknown god.
  2342 | D:3      | Noticed Iamsock's ghost (amateur GnWn)
  2474 | D:3      | Noticed Jessica
  2476 | D:3      | Killed Jessica
  2477 | D:3      | Reached skill level 5 in Maces & Flails
  2628 | D:3      | Found a runed translucent gate.
  2630 | D:3      | Noticed an orc warrior
  3102 | D:4      | You fall into a shaft and drop 3 floors!
  3146 | D:6      | Reached XP level 5. HP: 43/43 MP: 5/5
  3150 | D:6      | Noticed an ogre
  3182 | D:6      | Mangled by an ogre

Illustrated notes

Levels and vault maps discovered:
D:1:      arrival_aquarium_b, layout_basic, hangedman_feature_mirror,
          minmay_tromino_i2
D:2:      layout_basic, serial_shops, nicolae_shop_behind_doors,
          minmay_misc_feat_plants
D:3:      layout_basic, basic_ecumenical_altar, gammafunk_ghost_split,
          uniq_jessica
D:4:      layout_cave_pools, gammafunk_ghost_arena, serial_park_tiny_1,
          eino_small_chamber_without_monster
D:6:      layout_rooms, mainiacjoe_overflow_concentric_impassable,
          minmay_temple_entry_mini_moons, minmay_a_box_with_orc_wizards_in_it,
          uniq_grinder, uniq_prince_ribbit1
D:7:      layout_layer_cave, chequers_temple_overflow_statue_of_worship,
          uniq_pikel

Skill      XL: |  1  2  3  4 |
---------------+-------------+-----
Maces & Flails | 3 4 5 |  5.3
Fighting       | |  3.0
Armour         | |  2.4
Shields        | |  2.6

Action                   |  1- 3 |  4- 6 || total
-------------------------+-------+-------++-------
Melee: Flail             |    73 |    59 ||   132
       Tailslap          |     7 |     8 ||    15
 Abil: Rolling Charge    |    25 |    10 ||    35
  Use: Scroll            |     5 |       ||     5
       Potion            |       |     2 ||     2
Armor: Scale mail        |    32 |    23 ||    55
Dodge: Dodged            |    17 |    23 ||    40
Block: Buckler           |    10 |    12 ||    22
